 Dungeon Crawl Stone Soup version 0.22-a0-579-gb62a27e (webtiles) character file.

5317 FrankyJ the Blocker (level 10, -9/83 HPs)
             Began as a Formicid Fighter on July 1, 2018.
             Was a Priest of Wu Jian.
             Mangled by a troll (10 damage)
             ... on level 9 of the Dungeon.
             The game lasted 00:21:47 (8823 turns).

FrankyJ the Blocker (Formicid Fighter)              Turns: 8823, Time: 00:21:48

Health: -9/83      AC:  8    Str: 27    XL:     10   Next: 95%
Magic:  19/19      EV: 10    Int:  8    God:    Wu Jian [***...]
Gold:   491        SH: 12    Dex: 12    Spells: 9/9 levels left

rFire    . . .     SeeInvis +   a - +2 quarterstaff
rCold    . . .     Gourm    .   c - +0 shield
rNeg     . . .     Faith    .   b - +0 scale mail
rPois    .         Spirit   .   (helmet unavailable)
rElec    .         Reflect  .   (no cloak)
rCorr    .         Harm     .   (no gloves)
MR       +....                  (no boots)
Stlth    ..........             (no amulet)
HPRegen  0.23/turn              g - ring of magical power
MPRegen  0.16/turn              (no ring)

@: mighty
A: permanent stasis, dig shafts and tunnels, four strong arms, antennae 3
a: Dig, Shaft Self, Wall Jump, Serpent's Lash, Renounce Religion


You were on level 9 of the Dungeon.
You worshipped Wu Jian.
Wu Jian was most pleased with you.
You were not hungry.

You visited 3 branches of the dungeon, and saw 11 of its levels.

You collected 491 gold pieces.

Inventory:

Hand Weapons
 a - a +2 quarterstaff (weapon)
 q - a +0 dagger of venom
Missiles
 r - 25 poisoned needles
 u - 3 tomahawks (quivered)
 E - 7 needles of paralysis
Armour
 b - a +0 scale mail (worn)
 c - a +0 shield (worn)
 y - a +3 scale mail of fire resistance
Jewellery
 g - a ring of magical power (left hand)
 A - a +5 ring of dexterity {unknown}
Wands
 p - a wand of flame (22)
 B - a wand of paralysis (16)
 C - a wand of disintegration (15)
 D - a wand of polymorph (9)
 F - a wand of random effects (27)
 G - a wand of clouds (5)
Scrolls
 e - 8 scrolls of teleportation
 i - 2 scrolls of identify
 l - 2 scrolls of amnesia
 m - 4 scrolls of remove curse
 o - a scroll of enchant armour {unknown}
 s - a scroll of fear
 v - a scroll of acquirement {unknown}
Potions
 d - 2 potions of might
 h - a potion of resistance {unknown}
 j - 4 potions of curing
 k - a potion of lignification {unknown}
 n - 2 potions of heal wounds
 t - 2 potions of degeneration {unknown}
 w - a potion of haste {unknown}
 x - a potion of brilliance {unknown}
Comestibles
 f - 10 rations


   Skills:
 + Level 9.1 Fighting
 + Level 8.0 Staves
 + Level 9.2 Armour
 + Level 10.0 Shields


You had 9 spell levels left.
You didn't know any spells.
Your spell library was empty.

Dungeon Overview and Level Annotations

Branches:
Dungeon (9/15)             Temple (1/1) D:4            Lair (1/6) D:8
    Orc: D:9-12

Altars:
Ashenzari
Dithmenos
Elyvilon
Fedhas
Gozag
Kikubaaqudgha
Makhleb
Nemelex Xobeh
Okawaru
Qazlal
Uskayaw
Vehumet
Wu Jian
Yredelemnul
Zin

Shops:
D:5 [


Innate Abilities, Weirdness & Mutations

You cannot be hasted, slowed, berserked, paralysed or teleported.
You can dig through walls and to a lower floor.
Your four strong arms can wield two-handed weapons with a shield.
You have a pair of large antennae on your head. (SInv)


Message History

You sock the bullfrog!
You kill the bullfrog!
The Council accepts your kill.
You feel very mighty all of a sudden. The troll bites you.
The troll claws you! x2
You sock the troll!
The troll is moderately wounded.
The troll bites you! You block the troll's attack. The troll claws you!
* * * LOW HITPOINT WARNING * * *
You barely miss the troll.
The troll is moderately wounded.
The troll bites you!
* * * LOW HITPOINT WARNING * * *
You block the troll's attack. The troll claws you but does no damage.
You hit the troll.
The troll is heavily wounded.
The troll bites you!
* * * LOW HITPOINT WARNING * * *
You block the troll's attack. The troll claws you!
You die...

.?.............# #.#
#.?.........%.#####.##
#.....................
#.............########
#.............#
#.....T)....?.#
#.###.#.#####. #T##T#
##@#.# ###.##
#.#####..#
#...)...#####.##
#.#####......T..
#.#####.## # #.# #.#
#. #.# #.# #.#####.#
#.#


You could see a troll.

Vanquished Creatures
  Pikel (D:7)
  A spiny frog (D:8)
  Grinder (D:5)
  2 hippogriffs
  A spriggan (D:8)
  2 wyverns (D:8)
  Duvessa (D:5)
  A water moccasin (D:8)
  2 orc warriors
  4 slaves (D:7)
  2 phantoms
  An ice beast (D:8)
  A sky beast (D:5)
  2 centaurs
  4 ogres
  A big kobold (D:8)
  Blork the orc (D:5)
  9 bullfrogs
  Dowan (D:5)
  2 scorpions
  2 howler monkeys (D:7)
  A bullfrog zombie (D:7)
  6 crimson imps
  A quasit (D:6)
  6 jellies
  3 hounds
  2 centaur skeletons
  4 orc priests
  A bullfrog skeleton (D:5)
  Jessica (D:3)
  8 orc wizards
  2 worker ants
  A hound zombie (D:6)
  A hound skeleton (D:6)
  A gnoll (D:7)
  A howler monkey skeleton (D:5)
  12 adders
  5 shadow imps
  3 oozes
  An adder skeleton (D:6)
  4 adder zombies
  2 worms (D:4)
  2 dart slugs
  4 leopard geckos
  28 orcs
  6 bats
  6 giant cockroaches
  13 goblins
  6 hobgoblins
  7 jackals
  5 quokkas
  2 ball pythons (D:2)
  4 frilled lizards
  14 kobolds
  A leopard gecko zombie (D:8)
  2 quokka zombies (D:5)
  8 rats
216 creatures vanquished.

Vanquished Creatures (others)
  A human (D:3)
1 creature vanquished.

Grand Total: 217 creatures vanquished

Notes
Turn   | Place    | Note
-------+----------+-------------------------------------------
     0 | D:1      | FrankyJ the Formicid Fighter began the quest for the Orb.
     0 | D:1      | Reached XP level 1. HP: 18/18 MP: 1/1
    79 | D:1      | Reached XP level 2. HP: 21/24 MP: 2/2
   207 | D:1      | Reached skill level 4 in Shields
   207 | D:1      | Reached XP level 3. HP: 25/29 MP: 3/3
   922 | D:2      | Reached XP level 4. HP: 30/37 MP: 4/4
  1462 | D:2      | Reached XP level 5. HP: 42/42 MP: 5/5
  2095 | D:3      | Noticed Jessica
  2100 | D:3      | Killed Jessica
  2149 | D:3      | Found a stormy altar of Qazlal.
  2194 | D:3      | Found a faded altar of an unknown god.
  2397 | D:3      | Reached XP level 6. HP: 49/49 MP: 6/6
  2557 | D:3      | Found an ancient bone altar of Kikubaaqudgha.
  2564 | D:3      | Noticed a human
  2565 | D:3      | Killed a human
  2729 | D:4      | Found a glowing silver altar of Zin.
  2735 | D:4      | Reached skill level 5 in Shields
  2842 | D:4      | Reached XP level 7. HP: 44/55 MP: 7/7
  2914 | D:4      | Found a staircase to the Ecumenical Temple.
  2993 | Temple   | Entered the Ecumenical Temple
  3143 | Temple   | Became a worshipper of the Wu Jian Council
  3301 | D:5      | Entered Level 5 of the Dungeon
  3306 | D:5      | Reached skill level 5 in Fighting
  3306 | D:5      | Reached skill level 5 in Armour
  3332 | D:5      | Noticed Grinder
  3350 | D:5      | Killed Grinder
  3350 | D:5      | Reached skill level 6 in Shields
  3566 | D:5      | Reached XP level 8. HP: 56/63 MP: 8/8
  3706 | D:5      | Found Xuaryk's Armour Emporium.
  3997 | D:5      | Reached * piety under Wu Jian
  4182 | D:5      | Noticed Duvessa
  4182 | D:5      | Noticed Dowan
  4212 | D:5      | Killed Duvessa
  4212 | D:5      | Reached skill level 5 in Staves
  4222 | D:5      | Killed Dowan
  4435 | D:5      | Found an iron altar of Okawaru.
  4438 | D:5      | Noticed Blork the orc
  4457 | D:5      | Killed Blork the orc
  4675 | D:5      | Reached skill level 7 in Shields
  4676 | D:5      | Found a burning altar of Makhleb.
  4906 | D:6      | Found a basalt altar of Yredelemnul.
  4914 | D:6      | Reached XP level 9. HP: 63/71 MP: 9/9
  5063 | D:6      | Found a hide-covered altar of Uskayaw.
  5087 | D:6      | Noticed a hand axe
  5087 | D:6      | Noticed a dagger
  5254 | D:6      | Noticed a two-headed ogre
  5910 | D:6      | Reached skill level 8 in Shields
  6185 | D:6      | Reached ** piety under Wu Jian
  6593 | D:7      | Noticed a hippogriff
  6608 | D:7      | Killed a hippogriff
  6932 | D:7      | Reached XP level 10. HP: 54/80 MP: 10/10
  7359 | D:7      | Noticed Pikel
  7481 | D:7      | Killed Pikel
  7481 | D:7      | Reached skill level 9 in Shields
  7824 | D:8      | Reached *** piety under Wu Jian
  7895 | D:8      | Found a staircase to the Lair.
  7948 | D:8      | Found a shadowy altar of Dithmenos.
  8471 | Lair:1   | Entered Level 1 of the Lair of Beasts
  8471 | Lair:1   | Noticed a spiny frog
  8476 | Lair:1   | Noticed a komodo dragon
  8492 | D:8      | Killed a spiny frog
  8767 | D:9      | Found a white marble altar of Elyvilon.
  8812 | D:9      | Reached skill level 10 in Shields
  8823 | D:9      | HP: 1/83 [troll (13)]
  8823 | D:9      | Mangled by a troll

Vault maps used:
D:1:      lightli_arrival_chessboard, st_stairs_12, minmay_pentomino_r4
D:2:      minmay_goblin_outpost
D:3:      lemuel_doored_altar, chequers_ecumenical_altar_simple_redux,
          tgw_kikubaaqudgha, uniq_jessica
D:4:      old_standard_altar, minmay_temple_entry_hall, first_ration
D:5:      marbit_many_paths, serial_shops, shop, okawaru_trees_2,
          uniq_blork_the_orc, uniq_duvessa, uniq_grinder
D:6:      yredelemnul_altar_generic, dancing_weapons_uskayaw
D:7:      minmay_bent, uniq_pikel
D:8:      grunt_dithmenos_smoke, dpeg_oklobed_lair, the_bakery
D:9:      elyvilon_altar_4, nicolae_overflow_crystal_walls,
          regret_index_temple_of_mockery, serial_shops, shop
Temple:   jpeg_temple_clearing
Lair:1:   minmay_lair_oklob_chamber

Skill      XL: |  1  2  3  4  5  6  7  8  9 10 |
---------------+-------------------------------+-----
Shields        | 4 5 6 7 8 10 | 10.0
Armour         | 4 5 6 7 9 |  9.2
Fighting       | 4 5 6 7 9 |  9.1
Staves         | 3 4 5 6 8 |  8.0

Action                   |  1- 3 |  4- 6 |  7- 9 | 10-12 || total
-------------------------+-------+-------+-------+-------++-------
Melee: Quarterstaff      |   106 |   205 |   475 |   237 ||  1023
Invok: Lunge             |       |       |     7 |     8 ||    15
       Whirlwind         |       |       |    21 |    12 ||    33
       Wall Jump         |       |       |    45 |    32 ||    77
 Abil: Dig               |       |     5 |    19 |     8 ||    32
  Use: Potion            |       |     1 |     1 |     1 ||     3
       Scroll            |       |       |     4 |     7 ||    11
  Eat: Chunk             |       |     7 |    16 |     6 ||    29
       Ration            |       |       |       |     1 ||     1
Armor: Scale mail        |    36 |    81 |   116 |    49 ||   282
Dodge: Dodged            |    46 |    64 |   122 |    45 ||   277
Block: Shield            |    59 |   112 |   233 |   106 ||   510

Table legend:
 A = Spawn XP
 B = Non-spawn XP
 C = Spawn XP percentage of total XP
 D = Spawn monster count
 E = Non-spawn monster count
 F = Spawn count percentage of total count
 G = Total turns spent on level
                    A         B        C        D         E        F      G
               +---------+---------+-------+---------+---------+-------+---------
         Total |       0 |    7596 |   0.0 |       0 |     212 |   0.0 |  8823
               +---------+---------+-------+---------+---------+-------+---------
           D:1 |       0 |      47 |   0.0 |       0 |      21 |   0.0 |   783
           D:2 |       0 |     128 |   0.0 |       0 |      40 |   0.0 |  1122
           D:3 |       0 |     105 |   0.0 |       0 |      24 |   0.0 |   773
           D:4 |       0 |     254 |   0.0 |       0 |      13 |   0.0 |   634
           D:5 |       0 |    1354 |   0.0 |       0 |      29 |   0.0 |  1617
           D:6 |       0 |    1094 |   0.0 |       0 |      26 |   0.0 |  1226
           D:7 |       0 |    1864 |   0.0 |       0 |      26 |   0.0 |  1200
           D:8 |       0 |    2283 |   0.0 |       0 |      30 |   0.0 |  1148
           D:9 |       0 |     467 |   0.0 |       0 |       3 |   0.0 |   146
               +---------+---------+-------+---------+---------+-------+---------
